 Dungeon Crawl Stone Soup version 0.32-a0-306-gfed3edf829 (webtiles) character file.

Game seed: 10959589427151022558

23 Bravepunisher the Ducker (level 2, -1/24 HPs)
             Began as a Spriggan Monk on Feb 14, 2024.
             Slain by a killer bee (6 damage)
             ... on level 6 of the Dungeon.
             The game lasted 00:02:28 (681 turns).

Bravepunisher the Ducker (Spriggan Monk)             Turns: 681, Time: 00:02:28

Health: -1/24      AC: 21    Str:  7    XL:     2   Next: 75%
Magic:  3/3        EV:  4    Int: 11    God:
Gold:   25         SH:  0    Dex: 17    Spells: 1/1 levels left

rFire   . . .        a - +0 short sword
rCold   . . .        (no shield)
rNeg    . . .        b - melded +0 robe
rPois   +            (helmet currently unavailable)
rElec   .            (cloak currently unavailable)
rCorr   .            (gloves unavailable)
SInv    +            (boots unavailable)
Will    +....        (no amulet)
Stlth   +            (no ring)
HPRegen 0.24/turn    (no ring)
MPRegen 0.08/turn

%: no passive effects
@: confused, lethally poisoned (-1 -> -3), tree-form, ambrosia-drunk, marked,
enlightened
A: stationary, stasis, torment immunity, boosted hp, very small, no large
weapons, unfitting armour, see invisible, (speed 3)
a: no special abilities


You were on level 6 of the Dungeon.
You were a tree.
You visited 1 branch of the dungeon, and saw 6 of its levels.

You collected 25 gold pieces.

Inventory:

Hand Weapons
 a - a +0 short sword (weapon)
Missiles
 d - a throwing net (quivered)
Armour
 b - a +0 robe (melded)
Jewellery
 g - an amulet of faith
 h - a ring of magical power
 j - a ring of protection from fire
Wands
 n - a wand of flame (27)
Scrolls
 e - a scroll of vulnerability {unknown}
 i - a scroll of immolation {unknown}
 l - a scroll of identify {unknown}
 m - a scroll of teleportation {unknown}


   Skills:
 + Level 2.7 Fighting
 - Level 3.2 Short Blades
 * Level 5.0 Dodging


You had one spell level left.
You didn't know any spells.
Your spell library was empty.

Dungeon Overview and Level Annotations

Branches:
Dungeon (6/15)
 Temple: D:4-7

Altars:
Dithmenos


Innate Abilities, Weirdness & Mutations

You are a tree.
Your roots penetrate the ground, keeping you stationary.
You cannot be teleported.
You are immune to unholy pain and torment.
Your maximum health is greatly increased.
Your equipment is partially melded.
You are very small and have problems with some larger weapons.
You are too small for most types of armour.
You have supernaturally acute eyesight. (SInv)
((You cover ground extremely quickly. (Speed+++)))


Message History

The killer bee completely misses you.
Found a scroll labelled AGESMI KILUHU.
The killer bee attacks as it pursues you!
The killer bee misses you.
The killer bee attacks as it pursues you!
The killer bee misses you.
The killer bee attacks as it pursues you!
The killer bee misses you.
The killer bee attacks as it pursues you!
The killer bee stings you.
You are lethally poisoned!
The killer bee poisons you! The killer bee closely misses you.
You feel sick.
* * * LOW HITPOINT WARNING * * *
You feel sick. The killer bee misses you.
Found a ring mail.
Found a stone staircase leading up.
* * * LOW HITPOINT WARNING * * *
You feel sick.
* * * LOW HITPOINT WARNING * * *
You feel sick.
Found a stone staircase leading down.
The killer bee attacks as it pursues you!
The killer bee stings you.
* * * LOW HITPOINT WARNING * * *
Okay, then.
It was a potion of lignification.
You turn into a tree.
Your +0 robe melds into your body.
Your roots penetrate the ground.
* * * LOW HITPOINT WARNING * * *
You feel sick. The killer bee barely misses you.
The killer bee stings you but does no damage.
It was a potion of enlightenment.
Your roots keep you in place.
* * * LOW HITPOINT WARNING * * *
You feel sick. The killer bee barely misses you.
The killer bee stings you but does no damage.
Unknown command.
You are confused.
You feel invigorated.
You feel sick.
The killer bee stings you but does no damage.
The killer bee stings you.
You die...

### ..# #.# #.# ###
## #<# ... ...
#♣###?## ##
#..##>#y#...#
##.##....###S...#
##...#.###.#.#.[.#
##.......###.######
#.........ySy####
...........y.......
#.........#########
#.....<.##


You could see a water moccasin and a killer bee.

Vanquished Creatures
  An adder (D:4)
  An endoplasm (D:1)
  A giant cockroach (D:1)
  2 hobgoblins (D:4)
  A ball python (D:2)
  A frilled lizard (D:1)
  2 kobolds
9 creatures vanquished.

Notes
Turn   | Place    | Note
-------+----------+-------------------------------------------
     0 | D:1      | Bravepunisher the Spriggan Monk began the quest for the
                  | Orb.
     0 | D:1      | Reached XP level 1. HP: 11/11 MP: 2/2
   349 | D:2      | Reached XP level 2. HP: 16/16 MP: 3/3
   461 | D:4      | Reached skill level 5 in Dodging
   497 | D:4      | Noticed an ogre
   572 | D:5      | Entered Level 5 of the Dungeon
   623 | D:6      | Found a shadowy altar of Dithmenos.
   628 | D:6      | Noticed a bullfrog
   647 | D:6      | Noticed an ice beast
   669 | D:6      | Noticed a water moccasin
   669 | D:6      | Noticed a killer bee
   669 | D:6      | Noticed a killer bee
   669 | D:6      | Noticed a killer bee
   669 | D:6      | Noticed a killer bee
   680 | D:6      | HP: 1/24 [poisoned by a killer bee]
   681 | D:6      | Slain by a killer bee

Illustrated notes

Levels and vault maps discovered:
D:1:      matt_arrival_refuge, layout_loops_ring, columned_hall_lemuel
D:2:      layout_basic, hellmonk_ecumenical_altar_pennies_from_heaven
D:3:      layout_rooms
D:4:      layout_basic
D:5:      layout_gridville, portal_sewer_entry_a
D:6:      layout_loops_ring, nicolae_dithmenos_shadow_blocks,
          mainiacjoe_overflow_swirl, ebering_ghost_sewer_d, serial_shops,
          nicolae_shop_back_alley_shop, shop, nicolae_shop_statue_plus,
          nicolae_book_shop_shelving, shop

Skill      XL: |  1  2 |
---------------+-------+-----
Dodging        | 5 |  5.0
Fighting       | |  2.7
Short Blades   | |  3.2

Action                     || total
---------------------------++-------
  Melee: Short sword       ||    59
    Use: Potion            ||     3
   Stab: Sleeping          ||     1
 Armour: Robe              ||    18
         Skin              ||     4
  Dodge: Dodged            ||    71

Table legend: (Time is in decaauts)
 A = Elapsed time spent in this place.
 B = Non-inter-level travel time spent in this place.
 C = Inter-level travel time spent in this place.
 D = Time resting spent in this place.
 E = Time spent auto-exploring this place.
 F = Levels seen in this place.
 G = Mean time per level.
                   A        B        C        D        E       F      G
               +--------+--------+--------+--------+--------+-----+--------+
         Total |    470 |    470 |      0 |      0 |    248 |   6 |   78.3 |
       Dungeon |    470 |    470 |      0 |      0 |    248 |   6 |   78.3 |
               +--------+--------+--------+--------+--------+-----+--------+

Top non-repeatable levels by time:
     D:1: 220 daAuts
     D:4: 137 daAuts
     D:5: 47 daAuts
     D:2: 37 daAuts
     D:6: 24 daAuts
     D:3: 4 daAuts
